 Dungeon Crawl Stone Soup version 0.22-a0-149-g870e420 (webtiles) character file.

461 Amnesiac the Digger (level 6, -1/41 HPs)
             Began as a Mummy Earth Elementalist on Feb 7, 2018.
             Slain by an orc priest
             ... wielding a +1 mace of holy wrath
              (3 damage)
             ... on level 4 of the Dungeon.
             The game lasted 00:08:56 (3983 turns).

Amnesiac the Digger (Mummy Earth Elementalist)      Turns: 3983, Time: 00:08:56

Health: -1/41      AC:  4    Str: 11    XL:     6   Next: 79%
Magic:  1/14       EV: 12    Int: 16    God:
Gold:   133        SH:  0    Dex: 13    Spells: 2/15 levels left

rFire    x . .     SeeInvis .   f - +0 dagger
rCold    + . .     Gourm    .   (no shield)
rNeg     + + +     Faith    .   c - +0 robe
rPois    ∞         Spirit   .   o - +1 helmet
rElec    .         Reflect  .   (no cloak)
rCorr    .         Harm     .   (no gloves)
MR       .....                  (no boots)
Stlth    ++........             (no amulet)
HPRegen  0.13/turn              (no ring)
MPRegen  0.14/turn              (no ring)

@: no status effects
A: no food or potions, fire vulnerability, cold resistance 1, negative energy
resistance 3, torment resistance, unbreathing
a: no special abilities


You were on level 4 of the Dungeon.
You were not hungry.

You visited 1 branch of the dungeon, and saw 4 of its levels.

You collected 133 gold pieces.

Inventory:

Hand Weapons
 f - a +0 dagger (weapon)
Missiles
 b - 7 stones (quivered)
Armour
 c - a +0 robe (worn)
 o - a +1 helmet (worn)
 p - a +0 pair of boots
Jewellery
 q - an uncursed amulet of harm {unknown}
Wands
 n - a wand of polymorph (12)
Scrolls
 a - a scroll of magic mapping {!r, unknown}
 e - a scroll of amnesia {!r, unknown}
 g - 2 scrolls of identify {!r, unknown}
 h - 2 scrolls of teleportation {!r, unknown}
 i - a scroll of enchant armour {!r, unknown}
 j - a scroll of remove curse {!r, unknown}
 k - a scroll of blinking {!r, unknown}
 l - a scroll of fear {!r, unknown}
Books
 d - a book of Geomancy

   Spells                             Type                      Level
   a - Sandblast                      Earth                        1
   b - Passwall                       Transmutation/Earth          2
   c - Stone Arrow                    Conjuration/Earth            3
   d - Petrify                        Transmutation/Earth          4
   e - Lee's Rapid Deconstruction     Earth                        5
 m - a book of Misfortune

   Spells                             Type                      Level
   a - Confusing Touch                Hexes                        1
   b - Confuse                        Hexes                        3
   c - Gell's Gravitas                Translocation                3
   d - Petrify                        Transmutation/Earth          4
   e - Metabolic Englaciation         Hexes/Ice                    5
   f - Yara's Violent Unravelling     Hexes/Transmutation          5


   Skills:
 - Level 1.5 Dodging
 - Level 1.5 Stealth
 + Level 5.4 Spellcasting
 - Level 0.7 Transmutations
 * Level 5.5 Earth Magic


You had 2 spell levels left.
You knew the following spells:

 Your Spells              Type           Power        Failure   Level  Hunger
a - Sandblast             Erth           ###...       1%          1    N/A
b - Passwall              Tmut/Erth      ##........   6%          2    N/A
d - Lee's Rapid Deconstr  Erth           ###.......   38%         5    N/A
e - Petrify               Tmut/Erth      ##......     36%         4    N/A
z - Confusing Touch       Hex            #.....       14%         1    N/A

Dungeon Overview and Level Annotations

Branches:
Dungeon (4/15)
 Temple: D:4-7

Altars:
Gozag
Kikubaaqudgha
Ru
Xom


Innate Abilities, Weirdness & Mutations

You do not eat or drink.
Your flesh is vulnerable to fire.
You are immune to poison.
Your flesh is cold resistant. (rC+)
You are immune to negative energy. (rN+++)
You are immune to unholy pain and torment.
You can survive without breathing.


Message History

The blast of sand hits the orc priest.
The orc priest is moderately wounded.
b - 13 stones
Casting: Sandblast (safe; 1% risk of failure)
Confirm with . or Enter, or press ? or * to list all spells.
Aiming: Sandblast (safe; 1% risk of failure)
Press: ? - help, Shift-Dir - straight line, f/p - orc priest
Aim: an orc priest, wielding a mace of holy wrath and wearing a chain mail (moderately wounded)
The blast of sand hits the orc priest.
The orc priest is moderately wounded.
b - 12 stones The orc priest hits you with a mace of holy wrath!
You convulse!
* * * LOW HITPOINT WARNING * * *
Casting: Sandblast (safe; 1% risk of failure)
Confirm with . or Enter, or press ? or * to list all spells.
Aiming: Sandblast (safe; 1% risk of failure)
Press: ? - help, Shift-Dir - straight line, f/p - orc priest
Aim: an orc priest, wielding a mace of holy wrath and wearing a chain mail (moderately wounded)
The blast of sand hits the orc priest.
The orc priest is moderately wounded.
b - 11 stones
Casting: Sandblast (safe; 1% risk of failure)
Confirm with . or Enter, or press ? or * to list all spells.
Aiming: Sandblast (safe; 1% risk of failure)
Press: ? - help, Shift-Dir - straight line, f/p - orc priest
Aim: an orc priest, wielding a mace of holy wrath and wearing a chain mail (moderately wounded)
The blast of sand hits the orc priest.
The orc priest is severely wounded.
b - 10 stones The orc priest misses you.
Casting: Sandblast (safe; 1% risk of failure)
Confirm with . or Enter, or press ? or * to list all spells.
Aiming: Sandblast (safe; 1% risk of failure)
Press: ? - help, Shift-Dir - straight line, f/p - orc priest
Aim: an orc priest, wielding a mace of holy wrath and wearing a chain mail (severely wounded)
The blast of sand hits the orc priest.
The orc priest is severely wounded.
b - 9 stones The orc priest hits you with a mace of holy wrath.
* * * LOW HITPOINT WARNING * * *
You convulse!
* * * LOW HITPOINT WARNING * * *
Casting: Sandblast (safe; 1% risk of failure)
Confirm with . or Enter, or press ? or * to list all spells.
Aiming: Sandblast (safe; 1% risk of failure)
Press: ? - help, Shift-Dir - straight line, f/p - orc priest
Aim: an orc priest, wielding a mace of holy wrath and wearing a chain mail (severely wounded)
The blast of sand hits the orc priest.
The orc priest is severely wounded.
b - 8 stones The orc priest barely misses you.
Casting: Sandblast (safe; 1% risk of failure)
Confirm with . or Enter, or press ? or * to list all spells.
Aiming: Sandblast (safe; 1% risk of failure)
Press: ? - help, Shift-Dir - straight line, f/p - orc priest
Aim: an orc priest, wielding a mace of holy wrath and wearing a chain mail (severely wounded)
The blast of sand hits the orc priest.
The orc priest is severely wounded.
b - 7 stones The orc priest hits you with a mace of holy wrath.
* * * LOW HITPOINT WARNING * * *
You convulse.
You die...

##### ##...## ###
##.....######.##
#.........##.#.##
....#####.#.###.###########
#...# #..## ##......o.o.o
##..# #.## ##o#########
##.# #..## ##@##
#.#####.#.###.##
#.......##.#.##
##.#.######.## #...# ###
##..# #####..## ...>....#
####....#####


You could see an orc priest.

Vanquished Creatures
  Grinder (D:3)
  A scorpion (D:4)
  An orc wizard (D:4)
  Robin (D:2)
  2 adders
  3 oozes
  A worm (D:2)
  3 dart slugs
  4 leopard geckos
  6 orcs
  5 giant cockroaches
  13 goblins
  12 hobgoblins
  13 jackals
  9 kobolds
  2 quokkas
  A ball python (D:1)
  7 bats
  6 frilled lizards
  A leopard gecko skeleton (D:4)
  A quokka skeleton (D:4)
  11 rats
104 creatures vanquished.

Notes
Turn   | Place    | Note
-------+----------+-------------------------------------------
     0 | D:1      | Amnesiac the Mummy Earth Elementalist began the quest for the Orb.
     0 | D:1      | Reached XP level 1. HP: 13/13 MP: 4/4
    39 | D:1      | Reached XP level 2. HP: 16/19 MP: 0/5
    99 | D:1      | Learned a level 2 spell: Passwall
   546 | D:1      | Reached XP level 3. HP: 24/24 MP: 4/7
   874 | D:2      | Noticed Robin
  1329 | D:2      | Reached XP level 4. HP: 26/30 MP: 3/9
  1581 | D:2      | Found a sacrificial altar of Ru.
  2174 | D:2      | Killed Robin
  2852 | D:3      | Found an ancient bone altar of Kikubaaqudgha.
  2898 | D:3      | Noticed Grinder
  2904 | D:3      | Paralysed by Grinder for 4 turns
  2915 | D:3      | Paralysed by Grinder for 3 turns
  2947 | D:3      | Paralysed by Grinder for 2 turns
  2958 | D:3      | Killed Grinder
  2958 | D:3      | Reached skill level 5 in Spellcasting
  2958 | D:3      | Reached skill level 5 in Earth Magic
  2958 | D:3      | Reached XP level 5. HP: 22/35 MP: 0/12
  2958 | D:3      | Reached XP level 6. HP: 26/41 MP: 0/13
  2978 | D:3      | Learned a level 5 spell: Lee's Rapid Deconstruction
  3115 | D:3      | Learned a level 4 spell: Petrify
  3148 | D:3      | Learned a level 1 spell: Confusing Touch
  3632 | D:3      | Found a shimmering altar of Xom.
  3633 | D:3      | Found an opulent altar of Gozag.
  3983 | D:4      | HP: 2/41 [orc priest/mace of holy wrath (2)]
  3983 | D:4      | Slain by an orc priest

Vault maps used:
D:1:      onia_arrival_handbag
D:2:      nicolae_ru_awakened_eye, first_ration, minmay_strange_pillars,
          minmay_hedge_maze, uniq_robin
D:3:      kiku_gazebo_pond_becter, gammafunk_temple_overflow_pools,
          minmay_misc_feat_ornament, uniq_grinder
D:4:      vehumet_altar_wand_db, gup_sewer_entry_pipe, uniq_sigmund

Skill      XL: |  1  2  3  4 |
---------------+-------------+-----
Spellcasting   | 3 5 |  5.4
Earth Magic    | 3 5 |  5.5
Dodging        | |  1.5
Stealth        | |  1.5
Transmutations | |  0.7

Action                   |  1- 3 |  4- 6 || total
-------------------------+-------+-------++-------
Melee: Unarmed           |     2 |       ||     2
       Dagger            |    37 |   215 ||   252
 Cast: Sandblast         |    62 |    72 ||   134
 Stab: Sleeping          |       |     3 ||     3
Armor: Robe              |    14 |    45 ||    59
Dodge: Dodged            |    45 |   135 ||   180

Table legend:
 A = Spawn XP
 B = Non-spawn XP
 C = Spawn XP percentage of total XP
 D = Spawn monster count
 E = Non-spawn monster count
 F = Spawn count percentage of total count
 G = Total turns spent on level
                    A         B        C        D         E        F      G
               +---------+---------+-------+---------+---------+-------+---------
         Total |       0 |     659 |   0.0 |       0 |     104 |   0.0 |  3983
               +---------+---------+-------+---------+---------+-------+---------
           D:1 |       0 |      57 |   0.0 |       0 |      28 |   0.0 |   809
           D:2 |       0 |     112 |   0.0 |       0 |      44 |   0.0 |  1870
           D:3 |       0 |     349 |   0.0 |       0 |      21 |   0.0 |  1083
           D:4 |       0 |     141 |   0.0 |       0 |      11 |   0.0 |   221
               +---------+---------+-------+---------+---------+-------+---------
